 Dungeon Crawl Stone Soup version 0.20.1-1-g8b1a95d (webtiles) character file.

170 tidbits the Insei (level 5, -1/39 HPs)
             Began as a Demigod Transmuter on Aug 22, 2017.
             Slain by a bullfrog (4 damage)
             ... on level 4 of the Dungeon.
             The game lasted 00:06:38 (616 turns).

tidbits the Insei (Demigod Transmuter)               Turns: 616, Time: 00:06:39

Health: -1/39      AC:  4    Str: 13    XL:     5   Next: 5%
Magic:  4/10       EV: 12    Int: 19    God:
Gold:   79         SH:  0    Dex: 16    Spells: 2/8 levels left

rFire    . . .     SeeInvis .   g - +0 hunting sling
rCold    + + .     Gourm    .   (no shield)
rNeg     . . .     Faith    .   b - +0 robe
rPois    +         Spirit   .   (no helmet)
rElec    .         Reflect  .   (no cloak)
rCorr    .         Harm     .   (no gloves)
MR       .....                  (no boots)
Stlth    +.........             (no amulet)
Regen    0.2/turn               h - ring of protection from cold
MPRegen  0.2/turn               (no ring)

@: no status effects
A: iridescent scales 1, blink, cold resistance 1, high mp 1, poison resistance
a: Blink


You were on level 4 of the Dungeon.
You were not hungry.

You visited 1 branch of the dungeon, and saw 4 of its levels.

You collected 79 gold pieces.

Inventory:

Hand Weapons
 g - a +0 hunting sling (weapon)
 q - a +1 falchion of holy wrath
   (You found it on level 3 of the Dungeon)
 r - a +1 dagger of speed
   (You found it on level 3 of the Dungeon)
Missiles
 a - 10 arrows
 t - 18 stones (quivered)
Armour
 b - a +0 robe (worn)
 e - a +0 ring mail
Jewellery
 h - a ring of protection from cold (left hand)
   (You took it off Edmund on level 4 of the Dungeon)
Scrolls
 j - a scroll of teleportation {unknown}
 k - a scroll of recharging {unknown}
 m - a scroll of immolation {unknown}
 n - a scroll of fear {unknown}
Potions
 i - a potion of curing
 l - a potion of flight
 p - a potion of degeneration {unknown}
Books
 c - a book of Changes

   Spells                             Type                      Level
   a - Beastly Appendage              Transmutation                1
   b - Sticks to Snakes               Transmutation                2
   c - Spider Form                    Transmutation/Poison         3
   d - Ice Form                       Ice/Transmutation            4
   e - Blade Hands                    Transmutation                5
Comestibles
 d - 2 bread rations
 f - 3 royal jellies
 s - a meat ration


   Skills:
 - Level 0.8 Fighting
 - Level 1.7 Dodging
 * Level 4.6 Unarmed Combat
 - Level 2.0 Spellcasting
 + Level 3.1 Transmutations


You had 2 spell levels left.
You knew the following spells:

 Your Spells              Type           Power        Failure   Level  Hunger
e - Beastly Appendage     Tmut           ##....       4%          1    #......
k - Sticks to Snakes      Tmut           ##......     7%          2    ###....
p - Spider Form           Tmut/Pois      #.........   26%         3    ###....


Dungeon Overview and Level Annotations

Branches:
Dungeon (4/15)
 Temple: D:4-7


Innate Abilities, Weirdness & Mutations

You have an increased reservoir of magic. (+10% MP)
You are partially covered in iridescent scales. (AC +2)
You can translocate small distances at will.
Your flesh is cold resistant. (rC+)
Your system is resistant to poisons. (rPois)


Message History

Your ball python constricts Edmund.
Edmund barely misses you.
Your ball python bites Edmund but does no damage.
Your ball python constricts Edmund.
You hit Edmund.
Edmund is lightly wounded.
Your ball python bites Edmund but does no damage.
Your ball python constricts Edmund.
Edmund misses you.
You hit Edmund but do no damage.
Edmund is poisoned.
Edmund is lightly wounded.
Your ball python bites Edmund but does no damage.
Your ball python constricts Edmund.
You hit Edmund but do no damage.
Edmund looks as sick as possible!
Edmund is lightly wounded.
Your transformation is almost over.
Edmund misses you.
Your ball python barely misses Edmund.
Your ball python constricts Edmund.
You hit Edmund but do no damage.
Edmund looks as sick as possible!
Edmund is lightly wounded.
Your ball python bites Edmund but does no damage.
Your ball python constricts Edmund.
Edmund hits you with a dire flail of protection.
You hit Edmund.
Edmund is lightly wounded.
Your ball python bites Edmund.
Your ball python constricts Edmund.
Edmund hits you with a dire flail of protection!
You hit Edmund.
Edmund looks as sick as possible!
Edmund is heavily wounded.
Your ball python bites Edmund but does no damage.
Your ball python constricts Edmund.
Edmund closely misses you.
You hit Edmund but do no damage.
Edmund is heavily wounded.
Your ball python bites Edmund.
Your ball python constricts Edmund.
Edmund hits you but does no damage.
You completely miss Edmund.
Edmund is heavily wounded.
Your ball python bites Edmund but does no damage.
Your ball python constricts Edmund.
Edmund closely misses you.
Your ball python bites Edmund but does no damage.
Your ball python constricts Edmund.
You catch the helpless Edmund completely off-guard!
You hit Edmund but do no damage.
Edmund looks as sick as possible!
Edmund is heavily wounded.
Your ball python bites Edmund but does no damage.
Your ball python constricts Edmund.
Edmund misses you.
You hit Edmund.
Edmund is severely wounded.
Your ball python bites Edmund but does no damage.
Your ball python constricts Edmund.
You hit Edmund but do no damage.
Edmund is severely wounded.
Edmund hits you with a dire flail of protection!
* * * LOW HITPOINT WARNING * * *
Your ball python bites Edmund but does no damage.
Your ball python constricts Edmund.
You hit Edmund but do no damage.
Edmund is severely wounded.
Edmund says, "You wouldn't believe how much I paid for this flail."
Edmund closely misses you.
Your ball python bites Edmund but does no damage.
Your ball python constricts Edmund.
You catch the helpless Edmund completely off-guard!
You hit Edmund.
Edmund is almost dead.
Your ball python bites Edmund but does no damage.
Your ball python constricts Edmund.
Edmund hits you with a dire flail of protection!
* * * LOW HITPOINT WARNING * * *
Your transformation has ended.
Your +0 robe unmelds from your body.
You kill Edmund!
Your Unarmed Combat skill increases to level 4!
Your Transmutations skill increases to level 3!
You have reached level 4!
You have reached level 5!
You swap places.
Found a falchion.
Found a stone staircase leading down.
h - a silver ring You now have 79 gold pieces (gained 7).
Things that are here:
a dire flail of protection; a shiny scale mail; the human corpse of Edmund Put on which piece of jewellery? (? for menu, Esc to quit)
h - a ring of protection from cold (left hand) Adjust (i)tems, (s)pells, or (a)bilities?
Adjust which item? (? for menu, Esc to quit)
Okay, then.
It was a potion of mutation.
You feel extremely strange.
You feel resistant to cold.
Iridescent scales grow over part of your body.
You feel resistant to poisons.
You feel jittery.
Wield which item (- for none, * to show all)? (? for menu, Esc to quit)
g - a +0 hunting sling (weapon)
You swing at nothing.
You swing at nothing.
Your ball python withers and dies!
A bullfrog comes into view.
You swing at nothing.
The bullfrog croaks.
The bullfrog hits you.
You die...

..#. #.#>##
#)#..# ....#
...# #..# #..#
#.@#######
#.F.......
#######.........
................
#######..#######
#..# #.# #..#
#.# ##.# #.# #.
##..# #.#


You could see a bullfrog.

Vanquished Creatures
  Edmund (D:4)
  A howler monkey (D:4)
  A dart slug (D:1)
  An orc (D:3)
  2 ball pythons (D:1)
  A giant cockroach (D:4)
  3 hobgoblins
  2 kobolds
  A bat (D:1)
  A frilled lizard (D:1)
  2 goblins
  3 rats (D:1)
19 creatures vanquished.

Notes
Turn   | Place    | Note
-------+----------+-------------------------------------------
     0 | D:1      | tidbits the Demigod Transmuter began the quest for the Orb.
     0 | D:1      | Reached XP level 1. HP: 15/15 MP: 5/5
   120 | D:1      | Reached skill level 2 in Spellcasting
   184 | D:1      | Reached skill level 3 in Unarmed Combat
   281 | D:1      | Reached XP level 2. HP: 22/22 MP: 5/7
   285 | D:1      | Learned a level 2 spell: Sticks to Snakes
   472 | D:3      | Reached skill level 2 in Transmutations
   545 | D:4      | Noticed a howler monkey
   553 | D:4      | Killed a howler monkey
   553 | D:4      | Reached XP level 3. HP: 22/27 MP: 5/8
   558 | D:4      | Learned a level 3 spell: Spider Form
   587 | D:4      | Noticed Edmund
   605 | D:4      | HP: 1/27 [Edmund/dire flail of protection (8)]
   606 | D:4      | Killed Edmund
   606 | D:4      | Reached skill level 4 in Unarmed Combat
   606 | D:4      | Reached skill level 3 in Transmutations
   606 | D:4      | Reached XP level 4. HP: 1/34 MP: 3/9
   606 | D:4      | Reached XP level 5. HP: 1/39 MP: 3/10
   611 | D:4      | Gained mutation: Your flesh is cold resistant. (rC+) [potion of mutation]
   611 | D:4      | Gained mutation: You are partially covered in iridescent scales. (AC +2) [potion of mutation]
   611 | D:4      | Gained mutation: Your system is resistant to poisons. (rPois) [potion of mutation]
   611 | D:4      | Gained mutation: You can translocate small distances at will. [potion of mutation]
   616 | D:4      | Slain by a bullfrog

Skill      XL: |  1  2  3 |
---------------+----------+-----
Spellcasting   | 2 |  2.0
Unarmed Combat | 3 4 |  4.6
Transmutations | 2 3 |  3.1
Fighting       | |  0.8
Dodging        | |  1.7

Action                   |  1- 3 |  4- 6 || total
-------------------------+-------+-------++-------
Melee: Unarmed           |    64 |       ||    64
       Headbutt          |     3 |       ||     3
       Kick              |     1 |       ||     1
 Cast: Beastly Appendage |    17 |       ||    17
       Sticks to Snakes  |     2 |       ||     2
       Spider Form       |     2 |       ||     2
  Use: Scroll            |     2 |       ||     2
       Potion            |       |     1 ||     1
 Stab: Sleeping          |     2 |       ||     2
       Distracted        |     2 |       ||     2
Armor: Robe              |     6 |       ||     6
       Skin              |     2 |       ||     2
Dodge: Dodged            |    23 |       ||    23

Table legend:
 A = Turns spent in this place as a percentage of turns spent in the entire game.
 B = Non-inter-level travel turns spent in this place as a percentage of non-inter-level travel turns spent in the entire game.
 C = Inter-level travel turns spent in this place as a percentage of turns spent in this place.
 D = Turns resting spent in this place as a percentage of non-inter-level travel turns spent in this place.
 E = Turns spent auto-exploring this place as a percentage of non-inter-level travel turns spent in this place.
 F = Non-inter-level travel turns spent in this place divided by the number of levels of this place that you've seen.
                   A       B       C       D       E      F
               +-------+-------+-------+-------+-------+----------------------
         Total | 100.0 | 100.0 |   0.2 |   0.0 |   0.0 | 139.0
       Dungeon | 100.0 | 100.0 |   0.2 |   0.0 |   0.0 | 139.0
               +-------+-------+-------+-------+-------+----------------------

Table legend:
 A = Kills in this place as a percentage of kills in entire the game.
 B = Kills by you in this place as a percentage of kills by you in the entire game.
 C = Kills by friends in this place as a percentage of kills by friends in the entire game.
 D = Other kills in this place as a percentage of other kills in the entire game.
 E = Experience gained in this place as a percentage of experience gained in the entire game.
 F = Experience gained in this place divided by the number of levels of this place that you have seen.
                   A       B       C       D       E      F
               +-------+-------+-------+-------+-------+----------------------
         Total | 100.0 | 100.0 |  -nan |  -nan | 100.0 |  61.0
       Dungeon | 100.0 | 100.0 |  -nan |  -nan | 100.0 |  61.0
               +-------+-------+-------+-------+-------+----------------------

Vault maps used:
D:1:      wheals_arrival_shading
D:3:      first_bread, mrwooster_statue_mirror
D:4:      minmay_temple_entry_butterflies, serial_co_window_serial,
          co_window_paths_b, co_window_paths_a, co_window_paths_a,
          co_window_paths_a, co_window_cross_1, co_window_corner_a,
          co_window_of_opportunity_a, co_window_2corner, co_window_broadway_c,
          co_window_broadway_a, co_window_broadway_c, co_window_cross_2,
          co_window_corner_cb, co_window_paths_d, glass_columns_a,
          glass_columns_b, glass_columns_a, uniq_edmund
